AoeStats
← jphilkill

Lombardia

507237071Analyzed
4v4 RM · 16d ago on Sep 17, 2026· 52m 28s· 8 players
Game mode
Random Map
Map size
Large (8 player)
Population
200
Speed
Normal
Resources
Standard
Victory
Conquest
Starting age
Dark Age
Ending age
Imperial Age
RankedLock teamsTeams togetherTeam positionsShared explorationLock speedFull tech treeHidden civsTurbo modeCheats
Victory
Defeat
🇹🇷 Mongols · Türkiye
970
+10
🇩🇪 Celts · Germany
908
+13
🇨🇳 Japanese · China
893
+13
🇨🇳 Huns · China
839
+15
🇦🇺 Mongols · Australia
911
-16
🇨🇳 Lithuanians · China
819
-12
819
-12
🇦🇺 Goths · Australia
788
-11
jphilkill
1:28 Loom
12:41 Feudal Age
17:32 Castle Age
15:21 Double-Bit Axe
17:25 Horse Collar
17:52 Pikeman
29:29 Heavy Plow
30:15 Bow Saw
30:01 Gold Mining
30:03 Stone Mining
31:38 Wheelbarrow
32:58 Gold Shaft Mining
34:53 Hand Cart
35:18 Stone Shaft Mining
41:22 Imperial Age
41:44 Scale Mail Armor
41:54 Forging
41:50 Scale Barding Armor
41:45 Padded Archer Armor
41:36 Fletching
41:37 Halberdier
42:43 Conscription
42:41 Chain Mail Armor
42:43 Heavy Scorpion
44:15 Ballistics
45:08 Chemistry
46:01 Iron Casting
45:19 Capped Ram
46:06 Cavalier
46:49 Husbandry
47:11 Chain Barding Armor
47:22 Plate Mail Armor
47:08 Paladin
49:23 Blast Furnace
48:40 Siege Engineers
52:53 Leather Archer Armor
52:34 Bodkin Arrow
Wololo
0:30 Loom
11:46 Feudal Age
15:41 Castle Age
13:36 Double-Bit Axe
13:33 Horse Collar
17:05 Wheelbarrow
17:26 Bow Saw
21:09 Town Watch
25:47 Gold Mining
26:41 Heavy Plow
28:12 Stone Mining
29:04 Gold Shaft Mining
29:58 Treadmill Crane
30:31 Fortified Wall
33:05 Imperial Age
30:51 Hand Cart
30:36 Town Patrol
31:17 Fletching
31:28 Padded Archer Armor
32:22 Bodkin Arrow
34:35 Ballistics
34:13 Murder Holes
34:35 Thumb Ring
34:56 Parthian Tactics
33:52 Heavy Cavalry Archer
34:54 Leather Archer Armor
34:40 Bracer
35:17 Caravan
36:11 Conscription
36:55 Ring Archer Armor
37:49 Two-Man Saw
37:48 Husbandry
38:00 Bloodlines
40:01 Kataparuto
39:38 Guard Tower
39:54 Siege Engineers
39:35 Arrowslits
40:58 Chemistry
40:03 Siege Engineers
39:44 Arrowslits
40:10 Masonry
47:11 Elite Samurai
49:47 Forging
49:37 Scale Mail Armor
52:12 Iron Casting
51:52 Chain Mail Armor
52:45 Squires
52:31 Arson
52:34 Gambesons
An
11:58 Feudal Age
17:06 Castle Age
15:10 Stone Mining
16:00 Double-Bit Axe
19:15 Gold Mining
25:30 Gold Shaft Mining
25:11 Horse Collar
30:41 Imperial Age
30:18 Bow Saw
30:48 Wheelbarrow
31:20 Heavy Plow
31:34 Forging
31:30 Scale Barding Armor
31:58 Elite Tarkan
33:18 Iron Casting
33:58 Marauders
34:23 Husbandry
34:34 Bloodlines
34:54 Caravan
35:25 Coinage
35:17 Hand Cart
37:11 Chain Barding Armor
37:54 Blast Furnace
44:33 Pikeman
46:13 Guilds
46:34 Banking
46:01 Halberdier
50:27 Squires
Yüce Ahmet
0:30 Loom
10:19 Feudal Age
11:42 Wheelbarrow
11:06 Double-Bit Axe
11:40 Horse Collar
19:04 Castle Age
18:45 Stone Mining
18:47 Gold Mining
19:34 Bloodlines
21:55 Hand Cart
24:08 Bow Saw
27:52 Heavy Plow
29:46 Stone Shaft Mining
29:47 Gold Shaft Mining
32:39 Husbandry
32:00 Light Cavalry
35:22 Imperial Age
33:11 Caravan
34:20 Forging
34:01 Fletching
34:11 Padded Archer Armor
34:17 Scale Barding Armor
34:58 Masonry
35:27 Elite Mangudai
36:28 Conscription
35:44 Elite Steppe Lancer
35:49 Man-at-Arms
37:59 Hoardings
36:56 Sappers
40:05 Iron Casting
39:25 Bodkin Arrow
39:45 Leather Archer Armor
39:51 Chain Barding Armor
40:05 Ballistics
43:09 Hussar
43:35 Town Watch
44:57 Parthian Tactics
BOLLOTHAMUS
10:47 Feudal Age
11:54 Double-Bit Axe
12:20 Man-at-Arms
17:24 Castle Age
17:33 Scale Barding Armor
17:26 Fletching
17:31 Stone Mining
19:28 Stone Shaft Mining
19:43 Horse Collar
21:53 Loom
22:49 Wheelbarrow
23:57 Heavy Plow
24:11 Gold Mining
24:58 Bodkin Arrow
26:49 Ballistics
26:58 Chain Barding Armor
28:58 Bloodlines
28:49 Husbandry
29:50 Bow Saw
34:19 Imperial Age
32:20 Hand Cart
34:16 Gold Shaft Mining
34:52 Caravan
36:15 Conscription
35:17 Elite Mangudai
36:51 Bracer
37:56 Chemistry
42:06 Forging
43:18 Thumb Ring
44:10 Parthian Tactics
43:10 Heavy Camel Rider
46:40 Iron Casting
I QUIT FOR THE SICK MAP
Gothmog
4:17 Loom
10:47 Feudal Age
12:40 Double-Bit Axe
12:39 Horse Collar
18:04 Castle Age
16:41 Wheelbarrow
18:17 Stone Mining
18:19 Gold Mining
20:45 Fervor
21:11 Sanctity
21:31 Bow Saw
21:23 Heavy Plow
26:16 Forging
26:11 Scale Barding Armor
26:21 Bloodlines
26:11 Husbandry
28:48 Hand Cart
28:19 Town Watch
29:24 Iron Casting
34:57 Imperial Age
33:52 Ballistics
34:02 Town Patrol
34:36 Chain Barding Armor
34:23 Hill Forts
34:35 Hill Forts
36:02 Fortified Wall
36:53 Chemistry
36:06 Fortified Wall
35:47 Guard Tower
35:23 Elite Leitis
36:08 Tower Shields
38:56 Plate Barding Armor
37:47 Light Cavalry
39:37 Fletching
39:48 Padded Archer Armor
40:16 Conscription
41:31 Caravan
42:53 Keep
JRadgamemnon
12:04 Feudal Age
12:43 Horse Collar
14:35 Wheelbarrow
13:51 Double-Bit Axe
13:42 Man-at-Arms
20:03 Scale Mail Armor
20:15 Forging
24:55 Castle Age
23:14 Stone Mining
23:14 Gold Mining
25:00 Gold Mining
26:37 Hand Cart
27:13 Stone Shaft Mining
26:46 Heavy Plow
26:38 Long Swordsman
26:39 Pikeman
28:42 Town Watch
30:36 Bow Saw
34:13 Imperial Age
33:11 Chain Mail Armor
34:17 Town Patrol
35:22 Anarchy
36:30 Two-Handed Swordsman
36:30 Halberdier
37:12 Squires
37:51 Iron Casting
37:21 Caravan
39:02 Elite Huskarl
43:13 Blast Furnace
43:22 Chemistry
42:21 Murder Holes
42:39 Masonry
42:20 Loom
42:00 Champion
44:26 Perfusion
45:57 Fletching
46:08 Padded Archer Armor
Connection lost

Rejoining the realm…

Still unreachable

The connection could not be restored.

Session expired

The server has moved on; the page needs a fresh start.